 Dungeon Crawl Stone Soup version 0.18.1-50-g88ac8fd (webtiles) character file.

29 Nordron the Changer (level 3, -2/23 HPs)
             Began as an Octopode Transmuter on Sept 24, 2016.
             Shot with a stone by a goblin (4 damage)
             ... on level 2 of the Dungeon.
             The game lasted 00:04:02 (1210 turns).

Nordron the Changer (Octopode Transmuter)           Turns: 1210, Time: 00:04:02

Health: -2/23      AC:  1    Str:  9    XL:     3   Next: 16%
Magic:  15/15      EV: 12    Int: 15    God:
Gold:   32         SH:  0    Dex: 13    Spells: 2 memorised, 2 levels left

rFire  . . .     SeeInvis .     q - -2 short sword (curse)
rCold  . . .     Gourm    .     (no shield)
rNeg   . . .     Faith    .     (helmet restricted)
rPois  .         Spirit   .     (no amulet)
rElec  .         Dismiss  .     m - ring of magical power
rCorr  .         Reflect  .     (no ring)
SustAt .         Harm     .     (no ring)
MR     .....                    (no ring)
Stlth  ++........               (no ring)
                                (no ring)
                                (no ring)
                                (no ring)

@: appendage (expiring), not resistant to hostile enchantments, unstealthy
A: almost no armour, amphibious, 8 rings, constrict 8, tentacle spike 3,
camouflage 1, gelatinous body 1
a: End Transformation


You were on level 2 of the Dungeon.
You were not hungry.
One of your tentacles had a temporary spike.
You visited 1 branch of the dungeon, and saw 2 of its levels.

You collected 32 gold pieces.

Inventory:

Hand Weapons
 f - a +0 dagger
 q - a cursed -2 short sword (weapon)
Missiles
 a - 30 arrows
Jewellery
 m - a ring of magical power (left tentacle)
Scrolls
 d - a scroll of remove curse {unknown}
 e - 2 scrolls of teleportation {unknown}
 g - 2 scrolls of identify {unknown}
 j - a scroll of recharging {unknown}
 p - a scroll of amnesia {unknown}
Potions
 i - a potion of haste {unknown}
 n - a potion of might {unknown}
Books
 b - a book of Changes

   Spells                             Type                      Level
   a - Beastly Appendage              Transmutation                1
   b - Sticks to Snakes               Transmutation                2
   c - Spider Form                    Transmutation/Poison         3
   d - Ice Form                       Ice/Transmutation            4
   e - Blade Hands                    Transmutation                5
Comestibles
 c - a bread ration
 h - a beef jerky
 k - 3 fruits
 l - a meat ration
 o - a chunk of flesh


   Skills:
 - Level 1.0 Fighting
 - Level 2.0 Dodging
 - Level 3.0 Unarmed Combat
 - Level 2.0 Spellcasting
 * Level 3.5 Transmutations


You had 2 spell levels left.
You knew the following spells:

 Your Spells              Type           Power        Failure   Level  Hunger
a - Beastly Appendage     Trmt           ##....       6%          1    #......
b - Spider Form           Trmt/Pois      #.........   34%         3    ###....


Dungeon Overview and Level Annotations

Branches:
Dungeon (2/15)

Altars:


Innate Abilities, Weirdness & Mutations

You cannot wear most types of armour.
You are amphibious.
You can wear up to eight rings at the same time.
You can use your tentacles to constrict eight enemies at once.
Your skin changes colour to match your surroundings (Stealth).
Your rubbery body absorbs attacks (AC +1).
One of your tentacles bears a large vicious spike.


Message History

The goblin shoots a stone.
The stone hits you.
* * * LOW HITPOINT WARNING * * *
You hit the hobgoblin but do no damage.
You pierce the hobgoblin, but do no damage.
The hobgoblin is almost dead.
Your transformation is almost over.
You constrict the hobgoblin.
You kill the hobgoblin!
The bat hits you.
* * * LOW HITPOINT WARNING * * *
The bat hits you.
* * * LOW HITPOINT WARNING * * *
The goblin shoots a stone.
The stone closely misses you. The bat hits you but does no damage.
The goblin shoots a stone.
The stone barely misses you.
You barely miss the bat. Your grab misses the bat. The bat barely misses you.
The bat hits you.
* * * LOW HITPOINT WARNING * * *
The bat barely misses you.
The goblin shoots a stone.
The stone hits you.
You die...

### ... ..# # #.#
#. #.# #. #.# ..
# #.# #<# ....
#.#..####b#.....
#.......@(.......
##..).((.........
##..g####.......
#..## #...... #.#
#..... #. #...#
#. #+## #


You could see a goblin and a bat.

Vanquished Creatures
  A dart slug (D:1)
  A giant gecko (D:1)
  2 giant cockroaches (D:1)
  5 goblins
  5 hobgoblins
  4 bats (D:1)
  A giant newt (D:1)
  3 kobolds (D:1)
  3 rats (D:1)
25 creatures vanquished.

Notes
Turn   | Place    | Note
--------------------------------------------------------------
     0 | D:1      | Nordron the Octopode Transmuter began the quest for the Orb.
     0 | D:1      | Reached XP level 1. HP: 13/13 MP: 3/3
   338 | D:1      | Reached XP level 2. HP: 13/18 MP: 3/5
   968 | D:1      | Reached XP level 3. HP: 20/23 MP: 6/6
  1194 | D:1      | Learned a level 3 spell: Spider Form
  1210 | D:2      | Shot with a stone by a goblin

Skill      XL: |  1  2 |
---------------+-------+-----
Transmutations | 3 |  3.5
Fighting       | |  1.0
Dodging        | |  2.0
Unarmed Combat | |  3.0
Spellcasting   | |  2.0

Action                   || total
-------------------------++-------
Melee: Unarmed           ||     7
       Constrict         ||    19
       Dagger            ||    41
       Tentacles         ||    10
       Kick              ||    11
       Punch             ||     1
       Short sword       ||     7
 Cast: Beastly Appendage ||    15
 Stab: Sleeping          ||     1
  Eat: Chunk             ||     1
Armor: Skin              ||    10
Dodge: Dodged            ||    28
